 Dungeon Crawl Stone Soup version 0.26-a0-291-g3d11bbfad5 (webtiles) character file.

Game seed: 8548131806723515978

547 ANON1729 the Cudgeler (level 7, 0/67 HPs)
             Began as a Troll Gladiator on July 14, 2020.
             Was an Initiate of Okawaru.
             Engulfed by a cloud of freezing vapour (11 damage)
             ... on level 5 of the Dungeon.
             The game lasted 00:06:40 (4303 turns).

ANON1729 the Cudgeler (Troll Gladiator)             Turns: 4303, Time: 00:06:40

Health: 0/67       AC:  6    Str: 25    XL:     7   Next: 7%
Magic:  6/6        EV: 10    Int:  4    God:    Okawaru [......]
Gold:   265        SH:  0    Dex:  7    Spells: 6/6 levels left

rFire    . . .     SeeInvis .   a - +0 flail
rCold    . . .     Faith    .   (no shield)
rNeg     . . .     Spirit   .   b - +0 robe
rPois    .         Reflect  .   c - +0 hat
rElec    .         Harm     .   (no cloak)
rCorr    .                      (gloves unavailable)
MR       .....                  (boots unavailable)
Stlth    +.........             (no amulet)
HPRegen  0.61/turn              e - -4 ring of dexterity (curse)
MPRegen  0.10/turn              (no ring)

@: no status effects
A: large, unfitting armour, claws 3, regeneration 1, shaggy fur 1, tough skin 3
a: Renounce Religion


You were on level 5 of the Dungeon.
You worshipped Okawaru.
Okawaru was noncommittal.
You visited 2 branches of the dungeon, and saw 6 of its levels.

You collected 434 gold pieces.
You spent 169 gold pieces at shops.

Inventory:

Hand Weapons
 a - a +0 flail (weapon)
Missiles
 d - 3 throwing nets (quivered)
Armour
 b - a +0 robe (worn)
 c - a +0 hat (worn)
Jewellery
 e - a cursed -4 ring of dexterity (left claw)
 t - a cursed -4 ring of dexterity
Wands
 n - a wand of polymorph (9)
 p - a wand of flame (10)
 r - a wand of random effects (5)
Scrolls
 h - 8 scrolls of remove curse {unknown}
 i - a scroll of teleportation {unknown}
 l - 2 scrolls of enchant armour {unknown}
 m - 5 scrolls of identify {unknown}
 s - a scroll of fog {unknown}
 u - a scroll of enchant weapon {unknown}
 v - a scroll of magic mapping {unknown}
 x - a scroll of blinking {unknown}
Potions
 f - 2 potions of berserk rage {unknown}
 g - 2 potions of stabbing {unknown}
 j - 2 potions of might
 k - 2 potions of brilliance
 o - 2 potions of heal wounds
 q - 2 potions of flight {unknown}
 w - 2 potions of curing
 z - a potion of mutation {unknown}


   Skills:
 + Level 3.3 Fighting
 + Level 4.3 Maces & Flails
 + Level 3.7 Throwing
 + Level 0.7 Armour
 + Level 3.9 Dodging


You had 6 spell levels left.
You didn't know any spells.
Your spell library was empty.

Dungeon Overview and Level Annotations

Branches:
Dungeon (5/15)             Temple (1/1) D:4

Altars:
Ashenzari
Cheibriados
Dithmenos
Elyvilon
Fedhas
Gozag
Kikubaaqudgha
Okawaru
Qazlal
Ru
Sif Muna
Vehumet
Wu Jian
Yredelemnul
Zin
The Shining One
Lugonu

Shops:
D:5 [!}:


Innate Abilities, Weirdness & Mutations

You are too large for most types of armour.
You have claws for hands.
Your natural rate of healing is unusually fast.
You are covered in fur. (AC +1)
You have extremely tough skin. (AC +3)


Message History

Really walk into a travel-excluded area? [Y]es or [N]o only, please.
Really walk into a travel-excluded area? [Y]es or [N]o only, please.
Really walk into a travel-excluded area?
You are engulfed in freezing vapours.
Evoke which item? (* to show all) (? for menu, Esc to quit)
Aiming: Throw Flame
Press: ? - help, Shift-Dir - straight line You hear a sizzling sound! x2
You are engulfed in freezing vapours.
* * * LOW HITPOINT WARNING * * *
You are engulfed in freezing vapours.
* * * LOW HITPOINT WARNING * * *
Evoke which item? (* to show all) (? for menu, Esc to quit)
Aiming: Throw Flame
Press: ? - help, Shift-Dir - straight line You hear a sizzling sound! x2
You are engulfed in freezing vapours.
You die...

#.....###.#.#........#§..##.
#.....###☼#.##########§..##.
#.....###☼#.## #(....#.
######.....###.#☼## ###.###.
...........###.#☼## #.###.
[..........###.#☼## #.....
.......∩.#.###.#.## ####..
.........#.###.#.## ########..
...<.....#.###.#@## #......#.#
........<#.###.#☼## #......#..
.........#.###.☼☼## #......#..
.........#.######## #......#.#
(........#....##########..[...#..
.........#.##.#...............#..
########.#.##.#...............#.#
#.####.#....♣.......####..
#.#....#..♣.∩.♣..#######..


There were no monsters in sight!

Vanquished Creatures
  A phantom (D:4)
  A centaur (D:5)
  A hound (D:4)
  2 bullfrog skeletons
  Terence (D:1)
  Natasha (thrice) (D:2)
  A howler monkey zombie (D:5)
  6 adders
  A white imp (D:4)
  2 oozes (D:3)
  4 worms
  4 dart slugs
  2 leopard geckos
  2 orcs (D:3)
  9 bats
  8 giant cockroaches
  9 goblins
  13 hobgoblins
  10 jackals
  4 quokkas
  5 frilled lizards
  2 gnoll zombies (D:4)
  5 kobolds
  4 rats
100 creatures vanquished.

Notes
Turn   | Place    | Note
-------+----------+-------------------------------------------
     0 | D:1      | ANON1729 the Troll Gladiator began the quest for the Orb.
     0 | D:1      | Reached XP level 1. HP: 19/19 MP: 0/0
    95 | D:1      | Reached XP level 2. HP: 28/28 MP: 1/1
   416 | D:1      | Reached skill level 3 in Maces & Flails
   469 | D:1      | Reached XP level 3. HP: 24/35 MP: 2/2
   787 | D:2      | Noticed Natasha
   796 | D:2      | Killed Natasha
   848 | D:2      | Found a stormy altar of Qazlal.
   849 | D:2      | Noticed Terence
   854 | D:2      | Reached XP level 4. HP: 42/42 MP: 3/3
   909 | D:1      | Killed Terence
  1094 | D:2      | Noticed Natasha
  1100 | D:2      | Killed Natasha
  1138 | D:2      | Found a sacrificial altar of Ru.
  1270 | D:2      | Noticed Natasha
  1277 | D:2      | Killed Natasha
  1277 | D:2      | Reached XP level 5. HP: 46/50 MP: 4/4
  2080 | D:3      | Found a white marble altar of Elyvilon.
  2120 | D:3      | Found a blossoming altar of Fedhas.
  2159 | D:3      | Found a shimmering blue altar of Sif Muna.
  2514 | D:4      | Reached XP level 6. HP: 17/59 MP: 5/5
  2608 | D:4      | Found a basalt altar of Yredelemnul.
  2658 | D:4      | Found a radiant altar of Vehumet.
  2698 | D:4      | Reached skill level 4 in Maces & Flails
  2903 | D:4      | Found a staircase to the Ecumenical Temple.
  3084 | Temple   | Entered the Ecumenical Temple
  3105 | Temple   | Became a worshipper of Warmaster Okawaru
  3136 | D:5      | Entered Level 5 of the Dungeon
  3136 | D:5      | Found Vizedwiera's Distillery.
  3202 | D:5      | Bought a potion of degeneration for 13 gold pieces
  3202 | D:5      | Bought a potion of heal wounds for 65 gold pieces
  3202 | D:5      | Bought a potion of might for 52 gold pieces
  3202 | D:5      | Bought a potion of curing for 39 gold pieces
  3225 | D:5      | Found Olul's Antique Armour Shop.
  3255 | D:5      | Found an ancient bone altar of Kikubaaqudgha.
  3320 | D:5      | Found Fyschauhu's Book Shoppe.
  3370 | D:5      | Found an opulent altar of Gozag.
  3560 | D:5      | Found an ornate altar of the Wu Jian Council.
  3871 | D:5      | Reached XP level 7. HP: 65/67 MP: 6/6
  4124 | D:5      | Found Kobo's Gadget Emporium.
  4303 | D:5      | Engulfed by a cloud of freezing vapour

Illustrated notes

Levels and vault maps discovered:
D:1:      dpeg_chamrin_arrival_tetris, layout_basic, minivault_4
D:2:      layout_loops_cross, nicolae_qazlal_general_emergency,
          nicolae_ru_awakened_eye, uniq_natasha, uniq_terence
D:3:      layout_loops_ring, elyvilon_altar_3, overflow_temple_1_default,
          led_sif_pool
D:4:      layout_cave_pools, lemuel_zombie_altar_yredelemnul,
          vehumet_altar_wand_db, minmay_temple_entry_gardened_gates
D:5:      lemuel_ice_spiral_2, layout_basic, kiku_gazebo_garden_becter,
          nicolae_gozag_cash_rules_everything_around_me, serial_shops, shop,
          shop_coins, nicolae_shop_trees, nicolae_shop_trees, minivault_24,
          columned_hall_lemuel, pf_just_have_faith
Temple:   corrupted_temple

Skill      XL: |  1  2  3  4  5  6 |
---------------+-------------------+-----
Throwing       | 2 3 |  3.7
Fighting       | 2 3 |  3.3
Maces & Flails | 3 4 |  4.3
Dodging        | 3 |  3.9
Armour         | |  0.7

Action                   |  1- 3 |  4- 6 |  7- 9 || total
-------------------------+-------+-------+-------++-------
Melee: Flail             |   130 |   317 |     6 ||   453
Evoke: Wand              |       |     9 |     2 ||    11
  Use: Potion            |       |     1 |       ||     1
Armor: Robe              |    87 |   147 |     3 ||   237
Dodge: Dodged            |   123 |   197 |     1 ||   321

Table legend:
 A = Non-vault XP
 B = Vault XP
 C = Vault XP percentage of total XP
 D = Non-vault monster count
 E = Vault monster count
 F = Vault count percentage of total count
                 A         B        C        D         E       F
            +---------+---------+-------+---------+---------+-------
      Total |     707 |      75 |   9.6 |      95 |       5 |   5.0
            +---------+---------+-------+---------+---------+-------
        D:1 |      59 |      36 |  37.9 |      30 |       1 |   3.2
        D:2 |     110 |      35 |  24.1 |      22 |       1 |   4.3
        D:3 |     101 |       0 |   0.0 |      26 |       0 |   0.0
        D:4 |     211 |       4 |   1.9 |       6 |       3 |  33.3
        D:5 |     226 |       0 |   0.0 |      11 |       0 |   0.0
            +---------+---------+-------+---------+---------+-------
